 Dungeon Sprint DCSS version 0.29-a0-284-gf9362112df (webtiles) character file.

Game seed: 16673592787033745880

0 enile the Skirmisher (level 1, 0/18 HPs)
             Began as a Mummy Cinder Acolyte on Mar 22, 2022.
             Was an Elder of Ignis.
             Slain by a necrophage (2 damage)
             ... in the Dungeon (Sprint II: "The Violet Keep of Menkaure").
             The game lasted 00:00:23 (12 turns).

enile the Skirmisher (Mummy Cinder Acolyte)           Turns: 12, Time: 00:00:23

Health: 0/18       AC:  9    Str: 17    XL:     1   Next: 0%
Magic:  2/2        EV: 11    Int: 13    God:    Ignis [****..]
Gold:   0          SH:  0    Dex:  7    Spells: 2/2 levels left

rFire   . . .      SeeInvis .   a - -1 hand axe (flame)
rCold   + . .      Faith    .   (no shield)
rNeg    + + +      Spirit   .   b - +0 robe
rPois   ∞          Reflect  .   (no helmet)
rElec   .          Harm     .   (no cloak)
rCorr   .          Rampage  .   (no gloves)
Will    .....      NoTele   +   (no boots)
Stlth   +.........              (no amulet)
HPRegen 0.06/turn               (no ring)
MPRegen 0.08/turn               (no ring)

@: fiery-armoured
A: cold resistance 1, negative energy resistance 3, torment resistance 2, heat
vulnerability 1, no potions
a: Renounce Religion, Fiery Armour, Foxfire Swarm, Rising Flame


You were in the Dungeon.
You worshipped Ignis.
Ignis was greatly pleased with you.
You visited 1 branch

Inventory:

Hand Weapons
 a - a -1 hand axe of flaming (weapon)
Armour
 b - a +0 robe (worn)


   Skills:
 + Level 3.0 Fighting
 + Level 2.4 Axes
 + Level 1.3 Spellcasting
 + Level 2.4 Fire Magic


You had 2 spell levels left.
You didn't know any spells.
Your spell library contained the following spells:

 Spells                   Type           Power      Damage    Failure   Level
 Scorch                   Fire           14%        2d5       16%         2


Dungeon Overview and Level Annotations

Branches:
Dungeon (1/1)

Altars:

Annotations:
D exclusion: obsidian statue, Menkaure


Innate Abilities, Weirdness & Mutations

You are immune to poison.
Your flesh is cold resistant. (rC+)
You are immune to negative energy. (rN+++)
You are immune to unholy pain and torment.
You are vulnerable to heat. (rF-)
You do not drink.


Message History

Flames leap up around you!
The foxfire hits the necrophage but does no damage.
Your foxfire dissipates!
The foxfire hits the necrophage but does no damage. x2
The foxfire hits the necrophage.
The necrophage is lightly damaged.
There is a staircase leading out of the dungeon here.
You open the door. 2 worms come into view.
Found 243 gold pieces.
Activating: Foxfire Swarm
Press: ? - help, Dir - look around, f - activate Flames leap up around you!
The necrophage closely misses you.
The foxfire hits the necrophage.
The necrophage is lightly damaged.
Your foxfire dissipates!
The necrophage attacks as you move away!
The necrophage hits you!
The foxfire hits the necrophage.
The necrophage is moderately damaged.
The foxfire hits the necrophage.
The necrophage is heavily damaged.
The worm bites you. x2
* * * LOW HITPOINT WARNING * * *
There is an open door here.
Okay, then.
Blink to where?
Press: ? - help, Dir - move target
As you read the scroll of blinking, it crumbles to dust.
You aren't carrying any items that you can evoke.
You open the door. The necrophage misses you.
Marking area around an obsidian statue as unsafe for travelling.
The necrophage attacks as you move away!
The necrophage closely misses you.
There is an open door here.
Menkaure, Prince of Dust comes into view.
Menkaure shouts!
The obsidian statue slips into the dungeon's darkness for a moment.
A protective cloak of flame settles atop you.
The necrophage hits you.
You die...

##+####
≈≈≈≈≈≈##
§§≈≈§§≈≈
§○○8≈≈§ ≈§○≈≈
§≈§
#≈≈#+++#+++##
≈≈≈..M.@....#
≈≈≈≈.##n##..#
≈≈≈ ##n#.## #
≈ #.n#..#
##.$.## ##'##
##n## +.<.+
##.##


You could see an obsidian statue, 3 necrophages and Menkaure.

Vanquished Creatures (others)
  5 foxfires (D)
5 creatures vanquished.

Notes
Turn   | Place    | Note
-------+----------+-------------------------------------------
     0 | D        | enile the Mummy Cinder Acolyte began the quest for the Orb.
     0 | D        | Reached XP level 1. HP: 18/18 MP: 2/2
     1 | D        | Noticed a necrophage
     1 | D        | Noticed a necrophage
     1 | D        | Noticed a necrophage
     1 | D        | Noticed a necrophage
     9 | D        | Noticed an obsidian statue
    11 | D        | Noticed Menkaure
    12 | D        | Slain by a necrophage

Illustrated notes

Levels and vault maps discovered:
D:        the_violet_keep_of_menkaure [sprint2_stairs_cluster_1,
          sprint2_shoproom, sprint2_temple, sprint2_basic_supplies,
          sprint2_obstacle_7, sprint2_obstacle_5, sprint2_obstacle_3,
          sprint2_obstacle_2, sprint2_obstacle_4, sprint2_timed_cluster_1,
          sprint2_smallroom_cluster_1, sprint2_smallroom_final_cluster_1,
          sprint2_transparent_cluster_1, sprint2_second_timed_cluster_1,
          sprint2_sniper_area_1, sprint2_heavy_combat_area_1,
          sprint2_mutation_trap_area_1, sprint2_forest_area_1,
          sprint2_light_combat_area_1, sprint2_behind_water_1,
          sprint2_near_end_vault_1]

Action                   || total
-------------------------++-------
Invok: Foxfire Swarm     ||     2
       Fiery Armour      ||     1
  Use: Scroll            ||     1
Dodge: Dodged            ||     3

Table legend: (Time is in decaauts)
 A = Elapsed time spent in this place.
 B = Non-inter-level travel time spent in this place.
 C = Inter-level travel time spent in this place.
 D = Time resting spent in this place.
 E = Time spent auto-exploring this place.
 F = Levels seen in this place.
 G = Mean time per level.
                   A        B        C        D        E       F      G
               +--------+--------+--------+--------+--------+-----+--------+
         Total |     12 |     12 |      0 |      0 |      1 |   1 |   12.0 |
       Dungeon |     12 |     12 |      0 |      0 |      1 |   1 |   12.0 |
               +--------+--------+--------+--------+--------+-----+--------+

Top non-repeatable levels by time:
       D: 12 daAuts
